 Dungeon Crawl Stone Soup version 0.32-a0-403-g52729c3 (webtiles) character file.

Game seed: 32446203773606329

200 marwff the Grave Robber (level 5, 0/28 HPs)
             Began as a Deep Elf Necromancer on Feb 20, 2024.
             Slain by an adder (4 damage)
             ... on level 6 of the Dungeon.
             The game lasted 00:11:10 (1780 turns).

marwff the Grave Robber (Deep Elf Necromancer)      Turns: 1780, Time: 00:11:11

Health: 0/28       AC:  3    Str:  5    XL:     5   Next: 49%
Magic:  5/14       EV: 13    Int: 22    God:
Gold:   32         SH:  0    Dex: 15    Spells: 6/14 levels left

rFire   . . .        f - +2 short sword (elec)
rCold   . . .        (no shield)
rNeg    . . .        a - +0 robe
rPois   .            p - +0 helmet
rElec   .            (no cloak)
rCorr   +            (no gloves)
SInv    .            (no boots)
Will    .....        (no amulet)
Stlth   ++           q - ring of resist corrosion
HPRegen 0.24/turn    (no ring)
MPRegen 0.14/turn

%: no passive effects
@: weakened, animating dead
A: no striking features
a: no special abilities


You were on level 6 of the Dungeon.
You visited 1 branch of the dungeon, and saw 4 of its levels.

You collected 32 gold pieces.

Inventory:

Hand Weapons
 f - a +2 short sword of electrocution (weapon)
Missiles
 g - 35 stones
Armour
 a - a +0 robe (worn)
 p - a +0 helmet (worn)
Jewellery
 q - a ring of resist corrosion (left hand)
Scrolls
 c - a scroll of vulnerability {unknown}
 d - 2 scrolls of teleportation {unknown}
 i - a scroll of fog {unknown}
 l - a scroll of identify {unknown}
 m - a scroll of brand weapon {unknown}
 o - a scroll of fear {unknown}
Potions
 b - a potion of magic
 e - a potion of enlightenment {unknown}
 h - a potion of cancellation {unknown}
 j - a potion of ambrosia {unknown}
 k - a potion of brilliance {unknown}
 n - a potion of heal wounds {unknown}


   Skills:
 - Level 2.7 Dodging
 - Level 3.1 Stealth
 + Level 5.0 Spellcasting
 - Level 7.0 Necromancy


You had 6 spell levels left.
You knew the following spells:

 Your Spells              Type           Power      Damage    Failure   Level
a - Necrotise             Necr           100%       1d9       1%          1
b - Animate Dead          Necr           36%        N/A       5%          4
c - Vampiric Draining     Necr           36%        2d8       1%          3

Your spell library contained the following spells:

 Spells                   Type           Power      Damage    Failure   Level
 Curse of Agony           Necr           36%        N/A       16%         5
 Brom's Barrelling Bould  Conj/Erth      5%         2d3       69%         4
 Fireball                 Conj/Fire      2%         3d4       95%         5
 Iskenderun's Battlesphe  Conj           5%         2d6       95%         5
 Conjure Ball Lightning   Conj/Air       2%         3x3d6     100%        6
 Orb of Destruction       Conj           2%         9d5       100%        7


Dungeon Overview and Level Annotations

Branches:
Dungeon (3/15)

Altars:


Message History

The gnoll writhes in agony.
* * * LOW MAGIC WARNING * * *
The gnoll hits you but does no damage.
Casting: Necrotise (safe; 1% risk of failure)
Confirm with . or Enter, or press ? or * to list all spells.
Aiming: Necrotise (safe; 1% risk of failure)
Press: ? - help, Shift-Dir - straight line, f/p - gnoll
Aim: a gnoll, wielding a +0 club (heavily wounded, covering ground quickly, chance to affect: 88%)
The gnoll writhes in agony.
* * * LOW MAGIC WARNING * * *
The gnoll barely misses you.
The gnoll bouda gazes fiercely through you!
You feel as though you will be weak longer.
Casting: Necrotise (safe; 1% risk of failure)
Confirm with . or Enter, or press ? or * to list all spells.
Aiming: Necrotise (safe; 1% risk of failure)
Press: ? - help, Shift-Dir - straight line, f - gnoll, p - gnoll
Aim: a gnoll, wielding a +0 whip (covering ground quickly, chance to affect: 88%)
The gnoll writhes in agony!
* * * LOW MAGIC WARNING * * *
The gnoll hits you with a +0 club!
* * * LOW HITPOINT WARNING * * *
The gnoll hits you with a +0 whip.
* * * LOW HITPOINT WARNING * * *
The gnoll attacks as it pursues you! The gnoll hits you with a +0 club.
* * * LOW HITPOINT WARNING * * *
The adder bites you.
* * * LOW HITPOINT WARNING * * *
The adder attacks as it pursues you! The adder misses you.
The gnoll hits you with a +0 club.
* * * LOW HITPOINT WARNING * * *
The gnoll bouda gazes fiercely through you!
You feel as though you will be weak longer.
You barely miss the adder. The adder bites you.
* * * LOW HITPOINT WARNING * * *
The adder closely misses you.
The gnoll bouda calls upon its god to heal the gnoll.
The gnoll is healed somewhat.
You barely miss the adder. The adder bites you.
You die...

#... ....#####
.....#..##
g........###
...........#
......#...#
.........g###
#.......ggS.##
.........g#@.#
..###.....#..#
#.#...#..#
#....##...
.....#...##...
.....#...#
...# ....
##..# ..##
.... #... ..#
... .....


You could see a gnoll bouda, 2 gnolls and an adder.

Vanquished Creatures
  A jelly (D:6)
  Jessica (D:2)
  4 gnolls
  A dart slug (D:2)
  5 bats
  4 endoplasms
  A giant cockroach (D:1)
  7 goblins
  3 hobgoblins
  9 jackals
  5 kobolds
  3 quokkas
  5 ball pythons
  2 frilled lizards
  5 rats
56 creatures vanquished.

Vanquished Creatures (collateral kills)
  2 ball pythons
  A giant cockroach (D:2)
  A goblin (D:1)
4 creatures vanquished.

Grand Total: 60 creatures vanquished

Notes
Turn   | Place    | Note
-------+----------+-------------------------------------------
     0 | D:1      | marwff the Deep Elf Necromancer began the quest for the
                  | Orb.
     0 | D:1      | Reached XP level 1. HP: 10/10 MP: 6/6
    12 | D:1      | Reached skill level 5 in Necromancy
    12 | D:1      | Reached XP level 2. HP: 15/15 MP: 1/8
   102 | D:1      | Reached XP level 3. HP: 19/19 MP: 1/10
   524 | D:1      | Found a faded altar of an unknown god.
   892 | D:2      | Reached XP level 4. HP: 24/24 MP: 9/12
   897 | D:2      | Learned a level 4 spell: Animate Dead
  1134 | D:2      | Learned a level 3 spell: Vampiric Draining
  1154 | D:2      | Noticed Jessica
  1160 | D:2      | Killed Jessica
  1161 | D:2      | Reached skill level 5 in Spellcasting
  1161 | D:2      | Reached skill level 6 in Necromancy
  1410 | D:2      | Reached XP level 5. HP: 28/28 MP: 6/14
  1732 | D:3      | You fall into a shaft and drop 3 floors!
  1743 | D:6      | Reached skill level 7 in Necromancy
  1780 | D:6      | Slain by an adder

Illustrated notes

Levels and vault maps discovered:
D:1:      minmay_arrival_four_houses, layout_rooms,
          shapermc_ecumenical_altar_ellora, minmay_misc_feat_ornament,
          minmay_pentomino_t2
D:2:      layout_basic, uniq_jessica
D:3:      layout_loops_cross
D:6:      layout_cave_pools, serial_shops, shop, uniq_edmund,
          uniq_prince_ribbit1, uniq_maggie

Skill      XL: |  1  2  3  4  5 |
---------------+----------------+-----
Necromancy     | 5 6 7 |  7.0
Spellcasting   | 4 5 |  5.0
Stealth        | 3 |  3.1
Dodging        | |  2.7

Action                     |  1- 3 |  4- 6 || total
---------------------------+-------+-------++-------
  Melee: Unarmed           |     9 |       ||     9
         Dagger            |     2 |       ||     2
         Short sword       |     1 |     2 ||     3
   Cast: Necrotise         |    45 |    57 ||   102
         Animate Dead      |       |     2 ||     2
 Armour: Robe              |     1 |    10 ||    11
  Dodge: Dodged            |    18 |     6 ||    24

Table legend: (Time is in decaauts)
 A = Elapsed time spent in this place.
 B = Non-inter-level travel time spent in this place.
 C = Inter-level travel time spent in this place.
 D = Time resting spent in this place.
 E = Time spent auto-exploring this place.
 F = Levels seen in this place.
 G = Mean time per level.
                   A        B        C        D        E       F      G
               +--------+--------+--------+--------+--------+-----+--------+
         Total |   1777 |   1688 |     89 |    204 |   1154 |   4 |  444.2 |
       Dungeon |   1777 |   1688 |     89 |    204 |   1154 |   4 |  444.2 |
               +--------+--------+--------+--------+--------+-----+--------+

Top non-repeatable levels by time:
     D:1: 875 daAuts
     D:2: 783 daAuts
     D:3: 71 daAuts
     D:6: 47 daAuts
